 Dungeon Crawl Stone Soup version 0.31-a0-174-g85c54bcb58 (webtiles) character file.

Game seed: 13580224060199098191

3939 qw the Skirmisher (level 10, -4/64 HPs)
             Began as a Gargoyle Hunter on June 15, 2023.
             Slain by an orange demon (11 damage)
             ... led by Amaemon
             ... on level 8 of the Dungeon.
             The game lasted 00:03:15 (6770 turns).

qw the Skirmisher (Gargoyle Hunter)                 Turns: 6770, Time: 00:03:16

Health: -4/64      AC: 15    Str: 16    XL:     10   Next: 21%
Magic:  11/11      EV: 15    Int:  9    God:
Gold:   504        SH:  0    Dex: 23    Spells: 9/9 levels left

rFire   . . .        Y - +1 shortbow
rCold   . . .        (shield currently unavailable)
rNeg    + . .        i - +0 steam dragon scales
rPois   inf          c - +0 helmet
rElec   +            (no cloak)
rCorr   .            (no gloves)
SInv    .            (no boots)
Will    .....        (no amulet)
Stlth   ++           a - +6 ring of dexterity
HPRegen 0.30/turn    (no ring)
MPRegen 0.12/turn

%: clarity
@: no status effects
A: sickness immunity, AC +7, negative energy resistance 1, electricity
resistance, torment resistance 1, petrification resistance, iridescent scales 1,
clarity, high MP 1
a: no special abilities


You were on level 8 of the Dungeon.
You visited 2 branches of the dungeon, and saw 9 of its levels.

You collected 504 gold pieces.


Innate Abilities, Weirdness & Mutations

You are immune to sickness and miasma.
Your stone body is resilient. (AC +7)
You are immune to poison.
You resist negative energy. (rN+)
You are resistant to electric shocks. (rElec)
You are resistant to unholy torment.
You are immune to petrification.
You are partially covered in iridescent scales. (AC +2)
You possess an exceptional clarity of mind.
You have an increased reservoir of magic. (+10% MP)


   Skills:
 - Level 8.0 Fighting
 - Level 12.1 Ranged Weapons
 + Level 2.0 Armour
 - Level 4.1 Dodging
 - Level 1.1 Stealth


You had 9 spell levels left.
You didn't know any spells.
Your spell library was empty.

Inventory:

Hand Weapons
 Y - a +1 shortbow (weapon)
Armour
 c - a +0 helmet (worn)
 i - +0 steam dragon scales (worn)
 m - a +0 pair of boots
 o - a +0 leather armour of fire resistance
Jewellery
 a - a +6 ring of dexterity (left hand)
 p - an amulet of regeneration
Scrolls
 b - a scroll of identify
Potions
 d - 4 potions of curing
 e - a potion of might
 f - a potion of cancellation
 g - a potion of resistance
 h - a potion of haste
 j - a potion of attraction {unknown}
 k - a potion of enlightenment {unknown}
 l - a potion of mutation
 n - a potion of heal wounds {unknown}

Dungeon Overview and Level Annotations

Branches:
Dungeon (8/15)             Temple (1/1) D:6
   Lair: D:8-11

Altars:
Ashenzari
Cheibriados
Elyvilon
Fedhas
Hepliaklqana
Kikubaaqudgha
Makhleb
Nemelex Xobeh
Ru
Sif Muna
Trog
Uskayaw
Vehumet
Wu Jian
Xom
Yredelemnul

Shops:
D:4 =

Annotations:
D:2 1 runed translucent door, Crazy Yiuf


Message History

You shoot an arrow. The arrow barely misses Amaemon.
The arrow closely misses the scorpion.
The scorpion barely misses you. The scorpion stings you.
Amaemon completely misses you. Amaemon closely misses you.
Amaemon tail-slaps you.
The orange demon stings you but does no damage.
You shoot an arrow. The arrow hits Amaemon.
Amaemon is almost dead.
The scorpion stings you but does no damage.
The scorpion misses you.
You shoot an arrow. The arrow hits Amaemon.
Amaemon is almost dead.
The scorpion disappears in a puff of smoke!
Amaemon hits you but does no damage. Amaemon claws you but does no damage.
Amaemon tail-slaps you but does no damage.
The orange demon stings you from afar. The scorpion completely misses you.
You shoot an arrow. The arrow hits Amaemon.
Amaemon is almost dead.
The orange demon no longer looks unusually toxic.
The scorpion no longer looks unusually toxic.
Amaemon hits you with a -1 demon whip of venom.
Amaemon claws you but does no damage. Amaemon barely misses you.
The orange demon misses you. The scorpion stings you.
You shoot an arrow. The arrow hits Amaemon.
You kill Amaemon!
The scorpion disappears in a puff of smoke! x2
The orange demon barely misses you.
Your Ranged Weapons skill increases to level 12!
You shoot an arrow. The arrow hits the orange demon.
The orange demon is lightly wounded.
The orange demon stings you but does no damage.
You shoot an arrow. The arrow hits the orange demon!
The orange demon is moderately wounded.
You shoot an arrow.
The arrow barely misses the orange demon.
The orange demon stings you from afar.
You shoot an arrow. The arrow hits the orange demon!
The orange demon is heavily wounded.
The orange demon stings you from afar!
You die...

.##)#......#'### .
#.#......#)####
.....##.......#
#.#.#.........#
..#.+...<.....# #
#.......).########
....<......'.......
########...########
........@).#
##########4# .. .#
## .# :# .# .# .#


You could see an orange demon.

Vanquished Creatures
  Amaemon (D:8)
  A yak (D:7)
  A human (D:7)
  3 hogs (D:7)
  2 water moccasins
  3 sky beasts
  A black bear (D:3)
  An ice beast (D:6)
  2 ogres
  3 centaurs
  A phantom (D:5)
  7 scorpions
  A bullfrog (D:7)
  5 killer bees (D:7)
  2 electric eels (D:8)
  A crimson imp (D:5)
  2 jellies
  5 hounds
  An orc priest (D:4)
  2 iguanas
  Ijyb (D:3)
  Jessica (D:2)
  Natasha (twice) (D:4)
  5 orc wizards
  Robin (D:2)
  3 gnolls (D:3)
  7 adders
  2 shadow imps
  2 white imps (D:5)
  2 ufetubi (D:6)
  4 worms
  2 dart slugs
  19 orcs
  4 bats
  7 endoplasms
  2 giant cockroaches
  19 goblins
  10 hobgoblins
  5 quokkas
  4 ball pythons
  3 frilled lizards
  4 kobolds
  A rat (D:2)
155 creatures vanquished.

Notes
Turn   | Place    | Note
-------+----------+-------------------------------------------
     0 | D:1      | qw the Gargoyle Hunter began the quest for the Orb.
     0 | D:1      | Reached XP level 1. HP: 12/12 MP: 1/1
     0 | D:1      | 0 ||| qw: Version: 0.2-a-29-g511e9b1
     0 | D:1      | 0 ||| qw: Game counter: 5259
     0 | D:1      | 0 ||| qw: Always use a shield: true
     0 | D:1      | 0 ||| qw: God list: Okawaru
     0 | D:1      | 0 ||| qw: Allow faded altars: false
     0 | D:1      | 0 ||| qw: Do Orc after D:15 true
     0 | D:1      | 0 ||| qw: Do second Lair branch before Depths: true
     0 | D:1      | 0 ||| qw: Lair rune preference: random
     0 | D:1      | 0 ||| qw: Plans: Normal, Zot:1-4, Slime:5, God:TSO, Crypt,
                  | Tomb, Abyss, Pan, Hells, Win
     0 | D:1      | 0 ||| PLANNING D:1-11
    83 | D:1      | Reached XP level 2. HP: 10/17 MP: 2/2
   786 | D:1      | Reached XP level 3. HP: 21/21 MP: 3/3
   890 | D:1      | 890 ||| UPGRADING to +0 steam dragon scales.
   900 | D:1      | 900 ||| DROPPING +0 leather armour.
   901 | D:1      | 901 ||| READING scroll labelled XUCOPN NAROIPA.
   902 | D:1      | 902 ||| READING scroll labelled ROENEJ LUEQA.
   903 | D:1      | 903 ||| READING 2 scrolls labelled EZXOES HAMEAZ.
   908 | D:1      | 908 ||| READING 3 scrolls labelled XITUF OKEICS.
   909 | D:1      | 909 ||| READING scroll labelled XIPTEO DO LAAKIR.
   910 | D:1      | 910 ||| DROPPING scroll of butterflies.
   911 | D:1      | 911 ||| DROPPING 2 scrolls of fear.
   952 | D:2      | Noticed Jessica
   956 | D:2      | Killed Jessica
   957 | D:2      | Reached skill level 5 in Ranged Weapons
  1242 | D:2      | Reached XP level 4. HP: 27/27 MP: 4/4
  1244 | D:2      | Found a broken altar of Ashenzari.
  1284 | D:2      | Reached skill level 3 in Fighting
  1343 | D:2      | Identified the +0 chain mail "Gyjoed" {Dex+6 Stlth-}
  1348 | D:2      | Noticed Robin
  1354 | D:2      | 1354 ||| FLEEEEING.
  1357 | D:2      | Reached skill level 1 in Armour
  1367 | D:2      | Killed Robin
  1488 | D:2      | Found a runed translucent door.
  1489 | D:2      | Noticed Crazy Yiuf
  1879 | D:2      | 1879 ||| UPGRADING to +0 helmet.
  1884 | D:2      | 1884 ||| UPGRADING to +6 ring of dexterity.
  1885 | D:2      | 1885 ||| READING 3 scrolls labelled COHAYF CACOU.
  1886 | D:2      | 1886 ||| READING 2 scrolls of identify.
  1886 | D:2      | 1886 ||| IDENTIFYING sedimented cyan potion
  1887 | D:2      | 1887 ||| DROPPING potion of degeneration.
  1938 | D:3      | Noticed Ijyb
  1989 | D:3      | HP: 6/28 [Ijyb/+0 club (4)]
  1991 | D:3      | 1991 ||| READING scroll of teleportation.
  2103 | D:3      | Reached XP level 5. HP: 32/32 MP: 5/5
  2228 | D:3      | Killed Ijyb
  2232 | D:3      | Reached skill level 6 in Ranged Weapons
  2323 | D:3      | Noticed a black bear
  2326 | D:3      | Killed a black bear
  2327 | D:3      | Reached XP level 6. HP: 37/37 MP: 6/6
  2373 | D:3      | 2373 ||| DROPPING +0 antimagic sling.
  2684 | D:3      | 2684 ||| READING scroll labelled JYBOCY PYRPH.
  2737 | D:4      | Found Fagivoe's Jewellery Boutique.
  2751 | D:4      | 2751 ||| SHOPLISTING +6 ring of strength (432 gold, have
                  | 199).
  2751 | D:4      | 2751 ||| SHOPLISTING amulet of Vitality {RegenMP++ Regen++}
                  | (1200 gold, have 199).
  2751 | D:4      | 2751 ||| SHOPLISTING ring of Charity {*Slow rN++ Will+
                  | Int+3 Dex+3} (594 gold, have 199).
  2751 | D:4      | 2751 ||| SHOPLISTING ring of fire (300 gold, have 199).
  2751 | D:4      | 2751 ||| SHOPLISTING ring of ice (300 gold, have 199).
  2751 | D:4      | 2751 ||| SHOPLISTING ring of positive energy (240 gold,
                  | have 199).
  3009 | D:4      | Reached XP level 7. HP: 44/44 MP: 7/7
  3244 | D:4      | Reached skill level 7 in Ranged Weapons
  3347 | D:4      | Noticed Natasha
  3352 | D:4      | Killed Natasha
  3405 | D:4      | 3405 ||| READING scroll labelled TOSAALO HACSA.
  3406 | D:4      | 3406 ||| DRINKING 2 fuming amethyst potions.
  3409 | D:4      | 3409 ||| DROPPING potion of ambrosia.
  3432 | D:4      | Noticed Natasha
  3434 | D:4      | 3434 ||| FLEEEEING.
  3435 | D:4      | 3435 ||| FLEEEEING.
  3436 | D:4      | 3436 ||| FLEEEEING.
  3437 | D:4      | 3437 ||| FLEEEEING.
  3446 | D:4      | Killed Natasha
  3489 | D:5      | Entered Level 5 of the Dungeon
  3648 | D:5      | Reached skill level 8 in Ranged Weapons
  3729 | D:5      | Reached XP level 8. HP: 46/49 MP: 8/8
  4116 | D:5      | 4116 ||| DRINKING 2 viscous ruby potions.
  4117 | D:5      | 4117 ||| DRINKING 2 golden potions.
  4118 | D:5      | 4118 ||| READING 3 scrolls of identify.
  4118 | D:5      | 4118 ||| IDENTIFYING grey potion
  4119 | D:5      | 4119 ||| READING 2 scrolls of identify.
  4119 | D:5      | 4119 ||| IDENTIFYING glowing white potion
  4120 | D:5      | 4120 ||| DROPPING potion of brilliance.
  4220 | D:6      | Reached skill level 9 in Ranged Weapons
  4265 | D:6      | Reached skill level 3 in Dodging
  4478 | D:6      | Reached skill level 6 in Fighting
  4546 | D:6      | Found a staircase to the Ecumenical Temple.
  4547 | D:6      | 4547 ||| PLANNING TEMPLE
  4547 | D:6      | 4547 ||| READING scroll labelled YHYQUAS TEOROLE.
  4558 | Temple   | Entered the Ecumenical Temple
  4703 | Temple   | 4703 ||| PLANNING D:1-11
  4830 | D:6      | Reached XP level 9. HP: 53/55 MP: 9/9
  5087 | D:6      | Reached skill level 10 in Ranged Weapons
  5241 | D:7      | HP: 13/55 [killer bee (1)]
  5242 | D:7      | 5242 ||| READING 6 scrolls of teleportation.
  5245 | D:7      | HP: 5/55 [killer bee (3)]
  5255 | D:7      | 5255 ||| READING 5 scrolls of teleportation.
  5487 | D:7      | HP: 14/56 [sky beast (2)]
  5488 | D:7      | 5488 ||| READING 4 scrolls of teleportation.
  5568 | D:7      | HP: 13/57 [killer bee (4)]
  5569 | D:7      | 5569 ||| READING 3 scrolls of teleportation.
  5570 | D:7      | HP: 6/57 [killer bee (8)]
  5573 | D:7      | 5573 ||| READING 2 scrolls of teleportation.
  5578 | D:7      | 5578 ||| READING scroll of teleportation.
  5681 | D:7      | 5681 ||| FLEEEEING.
  5685 | D:7      | 5685 ||| STAIRDANCE
  6058 | D:7      | Reached skill level 11 in Ranged Weapons
  6059 | D:7      | HP: 13/57 [hog (5)]
  6060 | D:7      | 6060 ||| READING scroll of teleportation.
  6276 | D:7      | Reached XP level 10. HP: 48/64 MP: 10/10
  6357 | D:7      | Found a snail-covered altar of Cheibriados.
  6384 | D:7      | 6384 ||| DRINKING 2 viscous puce potions.
  6385 | D:7      | 6385 ||| DRINKING 2 brown potions.
  6385 | D:7      | Gained mutation: You have an increased reservoir of magic.
                  | (+10% MP) [potion of mutation]
  6385 | D:7      | Gained mutation: You are partially covered in iridescent
                  | scales. (AC +2) [potion of mutation]
  6385 | D:7      | Gained mutation: You possess an exceptional clarity of
                  | mind. [potion of mutation]
  6394 | D:7      | 6394 ||| READING 2 scrolls of identify.
  6394 | D:7      | 6394 ||| IDENTIFYING fuming brown potion
  6541 | D:8      | Found a radiant altar of Vehumet.
  6664 | D:8      | Found a sparkling altar of Nemelex Xobeh.
  6730 | D:8      | Noticed Amaemon
  6739 | D:8      | Noticed an orange demon
  6764 | D:8      | HP: 16/64 [orange demon[Amaemon] (6)]
  6765 | D:8      | HP: 7/64 [scorpion[Amaemon] (6)]
  6766 | D:8      | Killed Amaemon
  6767 | D:8      | Reached skill level 12 in Ranged Weapons
  6770 | D:8      | Slain by an orange demon

Levels and vault maps discovered:
D:1:      evilmike_arrival_crescent, layout_loops_ring, serial_forest,
          infiniplex_forest_lined_3, infiniplex_forest_clump_medium,
          infiniplex_forest_lined_2, infiniplex_forest_end_1,
          infiniplex_forest_end_3, infiniplex_forest_zigzag_1,
          infiniplex_forest_end_2, infiniplex_forest_straight_1,
          minmay_stone_trees_medium
D:2:      layout_basic, basic_altar, uniq_robin, uniq_crazy_yiuf_cottage,
          uniq_jessica
D:3:      layout_loops_ring, uniq_ijyb
D:4:      layout_loops_ring, serial_shops, shop, uniq_natasha
D:5:      layout_rooms, minmay_fire_ice_demons
D:6:      layout_loops_corners, minmay_temple_entry_mist
D:7:      layout_cave_pools, mainiacjoe_overflow_alcove_2, serial_column_ruins,
          column_ruins_grid_3, column_ruins_corridor_corner,
          column_ruins_corridor_dead_end, column_ruins_open_medium,
          column_ruins_open_large, column_ruins_open_tiny,
          chequers_serial_rivers_micro_b, grunt_livestock,
          kennysheep_small_circle
D:8:      layout_basic, vehumet_altar_wand_db, lemuel_round_altar, fountainhead,
          uniq_amaemon
Temple:   chequers_temple_sunken

Skill      XL: |  1  2  3  4  5  6  7  8  9 10 |
---------------+-------------------------------+-----
Ranged Weapons | 5 6 8 9 11 12 | 12.1
Fighting       | 3 4 5 6 8 |  8.0
Armour         | 1 2 |  2.0
Dodging        | 2 3 4 |  4.1
Stealth        | |  1.1

Action                     |  1- 3 |  4- 6 |  7- 9 | 10-12 || total
---------------------------+-------+-------+-------+-------++-------
   Fire: Shortbow          |    88 |   195 |   464 |    85 ||   832
    Use: Scroll            |     5 |     4 |    11 |     1 ||    21
         Potion            |       |       |     3 |     2 ||     5
 Armour: Leather armour    |    16 |       |       |       ||    16
         Steam dragon scal |     1 |    53 |   104 |    35 ||   193
  Dodge: Dodged            |    22 |    66 |   241 |    55 ||   384

Table legend:
 A = Non-vault XP
 B = Vault XP
 C = Vault XP percentage of total XP
 D = Non-vault monster count
 E = Vault monster count
 F = Vault count percentage of total count
                 A         B        C        D         E       F
            +---------+---------+-------+---------+---------+-------
      Total |    3481 |    2147 |  38.1 |     129 |      26 |  16.8
            +---------+---------+-------+---------+---------+-------
        D:1 |      35 |       0 |   0.0 |      20 |       0 |   0.0
        D:2 |      52 |      72 |  58.1 |      15 |      13 |  46.4
        D:3 |     307 |      38 |  11.0 |      12 |       1 |   7.7
        D:4 |     326 |      36 |   9.9 |      23 |       1 |   4.2
        D:5 |     624 |      58 |   8.5 |      14 |       2 |  12.5
        D:6 |    1075 |       0 |   0.0 |      16 |       0 |   0.0
        D:7 |     857 |    1170 |  57.7 |      18 |       7 |  28.0
        D:8 |     205 |     773 |  79.0 |      11 |       2 |  15.4
            +---------+---------+-------+---------+---------+-------
